 Dungeon Crawl Stone Soup version 0.29.1-12-g30fa7ad0bf (webtiles) character file.

Game seed: 16640524343603268583

11686 Radix the Geomancer (level 11, -2/64 HPs)
             Began as a Gargoyle Fighter on Dec 16, 2022.
             Slain by a tengu warrior
             ... wielding a +1 battleaxe
              (4 damage)
             ... on level 9 of the Dungeon.
             The game lasted 01:19:12 (10811 turns).

Radix the Geomancer (Gargoyle Fighter)             Turns: 10811, Time: 01:19:13

Health: -2/64      AC: 21    Str: 26    XL:     11   Next: 81%
Magic:  1/22       EV: 13    Int: 13    God:
Gold:   554        SH:  5    Dex:  9    Spells: 19/24 levels left

rFire   . . .      SeeInvis .   F - +5 flail (vamp)
rCold   + . .      Faith    .   c - +0 buckler
rNeg    + . .      Spirit   .   p - +2 scale mail {rC+}
rPois   ∞          Reflect  .   a - +1 hat
rElec   +          Harm     .   E - +0 cloak
rCorr   .          Rampage  .   (no gloves)
Will    .....                   M - +0 pair of boots
Stlth   ..........              (no amulet)
HPRegen 0.20/turn               K - +6 ring of strength
MPRegen 0.18/turn               q - +4 ring of evasion

@: no status effects
A: sickness immunity, AC +8, negative energy resistance 1, electricity
resistance, torment resistance 1, petrification resistance
a: no special abilities


You were on level 9 of the Dungeon.
You visited 1 branch of the dungeon, and saw 9 of its levels.

You collected 711 gold pieces.
You spent 157 gold pieces at shops.

Inventory:

Hand Weapons
 m - a +0 mace of protection
 y - a +0 whip of electrocution
 F - a +5 vampiric flail (weapon)
Missiles
 l - 4 throwing nets
Armour
 a - a +1 hat (worn)
 c - a +0 buckler (worn)
 g - a +2 robe of fire resistance
 i - a +0 leather armour
 p - a +2 scale mail of cold resistance (worn)
 C - the +6 plate armour of Xesomux {Fly Will- Int+6 Slay-4}
   (You found it on level 5 of the Dungeon)

   Int:       It affects your intelligence (+6).
   Slay:      It affects your accuracy & damage with ranged weapons and melee
   (-4).
   Fly:       It grants you flight.
   Will:      It decreases your willpower.
 E - a +0 cloak (worn)
 M - a +0 pair of boots (worn)
 N - a +2 ring mail of fire resistance
 R - a scarf of repulsion
 S - +0 steam dragon scales
Jewellery
 d - a ring of magical power
 e - a +6 ring of intelligence
 q - a +4 ring of evasion (right hand)
 v - the ring of Stoicism {rPois MP+9 Str-2 Dex+5 Stlth+}
   (You found it on level 4 of the Dungeon)

   [ring of magical power]

   Str:       It affects your strength (-2).
   Dex:       It affects your dexterity (+5).
   rPois:     It protects you from poison.
   MP:        It affects your magic capacity (+9).
   Stlth:     It makes you more stealthy.
 B - a +6 ring of dexterity
 I - a ring of willpower
 K - a +6 ring of strength (left hand)
Wands
 h - a wand of charming (12)
 o - a wand of polymorph (6)
 Q - a wand of iceblast (12)
Scrolls
 f - 2 scrolls of immolation
 j - 2 scrolls of enchant weapon
 w - 4 scrolls of magic mapping
 D - a scroll of amnesia
 O - a scroll of enchant armour
Potions
 b - 3 potions of brilliance
 k - 3 potions of degeneration (quivered)
 n - 2 potions of cancellation
 z - 3 potions of mutation
 A - 4 potions of lignification
 H - a potion of haste {unknown}
 L - 3 potions of ambrosia


   Skills:
 + Level 6.0 Fighting
 + Level 10.4 Maces & Flails
 - Level 2.9 Throwing
 - Level 6.0 Armour
 - Level 5.8 Shields
 - Level 7.3 Spellcasting
 + Level 11.9 Earth Magic


You had 19 spell levels left.
You knew the following spells:

 Your Spells              Type           Power      Damage    Failure   Level
a - Lee's Rapid Deconstr  Erth           17%        3d12*     9%          5

Your spell library contained the following spells:

 Spells                   Type           Power      Damage    Failure   Level
 Sting                    Tmut/Pois      16%        1d3       38%         1
 Poisonous Vapours        Pois/Air       8%         N/A       52%         2
 Inner Flame              Hex/Fire       4%         N/A       77%         3
 Summon Guardian Golem    Hex/Summ       4%         N/A       77%         3
 Cause Fear               Hex            2%         N/A       99%         4
 Fulminant Prism          Conj/Hex       2%         3d6       99%         4
 Iskenderun's Mystic Bla  Conj/Tloc      4%         2d3       99%         4
 Olgreb's Toxic Radiance  Pois           4%         N/A       99%         4
 Orb of Destruction       Conj           2%         9d5       100%        7
 Spellforged Servitor     Conj/Summ      2%         N/A       100%        7
 Discord                  Hex            2%         N/A       100%        8


Dungeon Overview and Level Annotations

Branches:
Dungeon (9/15)             Temple (0/1) D:6            Lair (0/5) D:8
    Orc (0/2) D:9

Altars:
Dithmenos
Kikubaaqudgha
Makhleb
Nemelex Xobeh
Okawaru
Ru
Sif Muna
Xom
The Shining One

Shops:
D:7 **

Annotations:
D:8 3 runed translucent doors, SirLogeyBear's ghost, novice HOBe


Innate Abilities, Weirdness & Mutations

You are immune to sickness and miasma.
Your stone body is resilient. (AC +8)
You are immune to poison.
You resist negative energy. (rN+)
You are resistant to electric shocks. (rElec)
You are resistant to unholy torment.
You are immune to petrification.


Message History

The tengu warrior pecks you but does no damage.
The tengu warrior claws you but does no damage.
The tengu warrior attacks as you move away!
The tengu warrior hits you but does no damage.
The tengu warrior pecks you but does no damage.
The tengu warrior claws you but does no damage.
Aiming: Polymorph
Press: ? - help, Shift-Dir - straight line, f - tengu warrior
Aim: a tengu warrior, wielding a +1 battleaxe and wearing a +0 ring mail (heavily wounded, will become an eye of devastation, a manticore, or a glowing orange brain, chance to affect: 31%)
Okay, then.
You closely miss the tengu warrior.
The tengu warrior is heavily wounded.
The tengu warrior hits you with a +1 battleaxe!
* * * LOW HITPOINT WARNING * * *
The tengu warrior pecks you but does no damage.
The tengu warrior barely misses you.
You sock the tengu warrior!
The tengu warrior is severely wounded.
The tengu warrior hits you with a +1 battleaxe!
* * * LOW HITPOINT WARNING * * *
The tengu warrior completely misses you.
The tengu warrior claws you but does no damage.
Okay, then.
Casting: Lee's Rapid Deconstruction (dangerous; 9% risk of failure)
Confirm with . or Enter, or press ? or * to list all spells.
Aiming: Lee's Rapid Deconstruction (dangerous; 9% risk of failure)
Press: ? - help, Dir - move target A rock wall.
The wall shatters!
The blast of rock fragments hits the ogre zombie!!
The ogre zombie is severely damaged.
The blast of rock fragments hits the tengu warrior!
The tengu warrior is almost dead.
You block the tengu warrior's attack. The tengu warrior pecks you.
* * * LOW HITPOINT WARNING * * *
You block the tengu warrior's attack.
You barely miss the tengu warrior.
The tengu warrior is almost dead.
The tengu warrior closely misses you. The tengu warrior pecks you.
You die...

#.......# ##.#########
#.).....# #..#
'.......# ##.##
#.......# #..#
#.......# #.##
#...<...# #.# ####'####
#Z# #..# #Q# ##.## #@#
#..# #.# ###'##### #.#
####.......# ###'######
..<'.......###........#
####.......'.#........#
# #.......#.#........#
#.......#.'........#
###########........#


You could see a tengu warrior and an ogre zombie.

Vanquished Creatures
  Gastronok (D:9)
  2 boulder beetles (D:9)
  A catoblepas (D:9)
  Pikel (D:7)
  A deep elf pyromancer (D:9)
  An ugly thing (D:9)
  A cyclops (D:9)
  Maggie (D:8)
  A kobold demonologist (D:9)
  Prince Ribbit (D:5)
  A wyvern (D:9)
  2 steam dragons
  A basilisk (D:9)
  10 yaks
  An unseen horror simulacrum (D:9)
  An acid dragon (D:9)
  A water moccasin (D:6)
  Duvessa (D:7)
  2 orc warriors
  2 ice beasts
  2 black bears
  5 centaurs
  2 ogres
  2 lemures (D:7)
  4 phantoms
  5 kobold brigands
  A gnoll sergeant (D:7)
  2 bullfrogs
  A necrophage (D:6)
  3 wights (D:7)
  A troll zombie (D:9)
  Dowan (D:7)
  16 killer bees (D:8)
  A howler monkey (D:8)
  A crimson imp (D:6)
  A jelly (D:7)
  4 orc priests
  4 hounds
  A gnoll bouda (D:7)
  5 iguanas
  Ijyb (D:3)
  2 orc wizards
  4 ogre zombies (D:9)
  17 gnolls
  9 adders
  A shadow imp (D:5)
  3 white imps
  4 dart slugs
  13 orcs
  8 endoplasms
  3 giant cockroaches
  11 goblins
  7 hobgoblins
  4 jackals (D:5)
  26 kobolds
  5 quokkas
  7 ball pythons
  6 bats
  A frilled lizard (D:2)
  2 goblin skeletons (D:9)
  A goblin zombie (D:9)
  A hobgoblin skeleton (D:9)
  4 hobgoblin zombies (D:9)
  An orc skeleton (D:9)
  6 orc zombies (D:9)
  8 rats
250 creatures vanquished.

Vanquished Creatures (others)
  A kobold (D:9)
1 creature vanquished.

Grand Total: 251 creatures vanquished

Notes
Turn   | Place    | Note
-------+----------+-------------------------------------------
     0 | D:1      | Radix the Gargoyle Fighter began the quest for the Orb.
     0 | D:1      | Reached XP level 1. HP: 14/14 MP: 1/1
   392 | D:1      | Reached XP level 2. HP: 17/19 MP: 2/2
   546 | D:1      | Reached XP level 3. HP: 22/24 MP: 3/3
   951 | D:1      | Found a faded altar of an unknown god.
  1754 | D:2      | Reached XP level 4. HP: 30/30 MP: 4/4
  2107 | D:3      | Noticed Ijyb
  2123 | D:3      | Killed Ijyb
  2221 | D:3      | Reached XP level 5. HP: 22/34 MP: 5/5
  2299 | D:3      | Reached skill level 5 in Fighting
  2391 | D:3      | Found an iron altar of Okawaru.
  3307 | D:4      | Reached XP level 6. HP: 40/40 MP: 6/6
  3573 | D:4      | Identified the ring of Stoicism {rPois MP+9 Str-2 Dex+5
                  | Stlth+}
  3623 | D:4      | Reached skill level 5 in Maces & Flails
  3871 | D:5      | Entered Level 5 of the Dungeon
  3922 | D:5      | Noticed Prince Ribbit
  3956 | D:5      | Reached XP level 7. HP: 25/44 MP: 7/7
  3959 | D:5      | Killed Prince Ribbit
  4243 | D:5      | Identified the +6 plate armour of Xesomux {Fly Will- Int+6
                  | Slay-4}
  4461 | D:5      | Reached XP level 8. HP: 34/49 MP: 8/8
  4647 | D:5      | Found a shimmering blue altar of Sif Muna.
  5134 | D:6      | Found a staircase to the Ecumenical Temple.
  5505 | D:6      | Found a shimmering altar of Xom.
  5505 | D:6      | Found a burning altar of Makhleb.
  5745 | D:6      | Found a shadowy altar of Dithmenos.
  5747 | D:6      | Found a sparkling altar of Nemelex Xobeh.
  5747 | D:6      | Found an ancient bone altar of Kikubaaqudgha.
  5747 | D:6      | Found a sacrificial altar of Ru.
  5762 | D:6      | Reached skill level 10 in Maces & Flails
  5879 | D:6      | Reached skill level 1 in Spellcasting
  5914 | D:6      | Reached XP level 9. HP: 54/54 MP: 10/13
  6473 | D:7      | Noticed Duvessa
  6473 | D:7      | Noticed Dowan
  6488 | D:7      | Found Kosaph's General Store.
  6490 | D:7      | Found Sipresu's Specific Store.
  6644 | D:7      | Bought a +0 pair of boots for 58 gold pieces
  6644 | D:7      | Bought 2 stones for 2 gold pieces
  6644 | D:7      | Bought a scroll of enchant armour for 97 gold pieces
  6782 | D:7      | Reached skill level 5 in Spellcasting
  7028 | D:7      | Killed Duvessa
  7041 | D:7      | Killed Dowan
  7116 | D:7      | Noticed Pikel
  7142 | D:7      | Killed Pikel
  7751 | D:8      | Reached XP level 10. HP: 52/59 MP: 21/21
  8247 | D:8      | Found a staircase to the Lair.
  8274 | D:8      | Noticed Maggie
  8297 | D:8      | Killed Maggie
  8298 | D:8      | Reached skill level 5 in Armour
  8298 | D:8      | Reached skill level 5 in Shields
  8407 | D:8      | Reached skill level 1 in Earth Magic
  8424 | D:8      | Reached skill level 2 in Earth Magic
  8432 | D:8      | Reached skill level 3 in Earth Magic
  8442 | D:8      | Reached skill level 4 in Earth Magic
  8756 | D:8      | Reached skill level 5 in Earth Magic
  8880 | D:8      | Found a runed translucent gate.
  8880 | D:8      | Noticed SirLogeyBear's ghost (novice HOBe)
  8881 | D:8      | Found a runed translucent gate.
  8881 | D:8      | Found a runed translucent gate.
  9456 | D:9      | Noticed Gastronok
  9476 | D:9      | Killed Gastronok
  9477 | D:9      | Reached skill level 7 in Earth Magic
  9519 | D:9      | Found a glowing golden altar of the Shining One.
  9556 | D:9      | Reached XP level 11. HP: 62/64 MP: 22/22
  9572 | D:9      | Found a staircase to the Orcish Mines.
  9715 | D:9      | Reached skill level 8 in Earth Magic
  9766 | D:9      | Noticed a boulder beetle
  9766 | D:9      | Noticed a seven-headed hydra
  9779 | D:9      | Noticed a deep elf pyromancer
  9782 | D:9      | Noticed a catoblepas
  9848 | D:9      | Killed a catoblepas
  9868 | D:9      | Reached skill level 9 in Earth Magic
  9888 | D:9      | Killed a deep elf pyromancer
 10010 | D:9      | Killed a boulder beetle
 10010 | D:9      | Noticed a boulder beetle
 10011 | D:9      | Reached skill level 10 in Earth Magic
 10030 | D:9      | Killed a boulder beetle
 10111 | D:9      | Reached skill level 11 in Earth Magic
 10133 | D:9      | Learned a level 5 spell: Lee's Rapid Deconstruction
 10196 | D:9      | Noticed a cyclops
 10209 | D:9      | Killed a cyclops
 10281 | D:9      | Noticed a white ugly thing
 10290 | D:9      | Killed a white ugly thing
 10785 | D:9      | Noticed a tengu warrior
 10809 | D:9      | HP: 3/64 [tengu warrior/+1 battleaxe (12)]
 10811 | D:9      | Slain by a tengu warrior

Illustrated notes

Levels and vault maps discovered:
D:1:      nzn_arrival_depleted_hourglass, layout_basic,
          hellmonk_ecumenical_altar_pennies_from_heaven
D:2:      layout_basic
D:3:      layout_loops_ring, okawaru_metal_pillars_1_2, uniq_ijyb
D:4:      layout_basic, minmay_cupped
D:5:      layout_loops_ring, overflow_temple_1_default, minmay_ogre_servants,
          uniq_prince_ribbit1
D:6:      layout_basic, grunt_temple_overflow_open,
          grunt_temple_overflow_champion_of_chaos, minmay_temple_entry_arrows,
          corexii_corridor_pit
D:7:      layout_gridville, enter_bailey_2, minivault_24,
          nicolae_specific_store, uniq_pikel, uniq_duvessa
D:8:      layout_loops_cross, lair_entry_dummy, biasface_ghost_orc_armoury,
          nicolae_elevator_lobby_plus, uniq_maggie
D:9:      layout_roguey, lemuel_doored_altar, zombieorc1_lemuel, nicolae_wwwww,
          hangedman_abyss_or_decor_stabs, minmay_the_grid_2x2
          [minmay_the_grid_fan, minmay_the_grid_minigrid_small,
          minmay_the_grid_dragon_a, minmay_the_grid_prize_four_corners],
          uniq_gastronok

Skill      XL: |  1  2  3  4  5  6  7  8  9 10 11 |
---------------+----------------------------------+-----
Fighting       | 4 5 6 |  6.0
Maces & Flails | 3 4 6 8 10 | 10.4
Spellcasting   | 2 7 |  7.3
Armour         | 4 6 |  6.0
Shields        | 4 5 |  5.8
Earth Magic    | 7 11 | 11.9
Throwing       | 2 |  2.9

Action                   |  1- 3 |  4- 6 |  7- 9 | 10-12 || total
-------------------------+-------+-------+-------+-------++-------
Melee: Flail             |   122 |     2 |   182 |   405 ||   711
       Mace              |       |   172 |   121 |       ||   293
       Unarmed           |       |     3 |     5 |       ||     8
Throw: Throwing net      |       |       |       |     2 ||     2
 Cast: Lee's Rapid Decon |       |       |       |    11 ||    11
Evoke: Wand              |       |     2 |    12 |     3 ||    17
  Use: Potion            |       |     2 |     1 |     6 ||     9
       Scroll            |       |       |    11 |    13 ||    24
Armor: Scale mail        |    63 |    88 |   142 |   158 ||   451
       Skin              |       |     1 |       |     1 ||     2
       Ring mail         |       |       |       |     1 ||     1
Dodge: Dodged            |    69 |   105 |   193 |   227 ||   594
Block: Buckler           |    30 |    32 |    64 |    89 ||   215
